 Dungeon Crawl Stone Soup version 0.20-a0-892-gbf43aa3 (webtiles) character file.

226 BrendanD the Slasher (level 5, 0/41 HPs)
             Began as a Demonspawn Gladiator on Mar 16, 2017.
             Killed by nerve-wracking pain
             ... invoked by an orc priest
              (12 damage)
             ... on level 3 of the Dungeon.
             The game lasted 00:08:53 (2200 turns).

BrendanD the Slasher (Demonspawn Gladiator)         Turns: 2200, Time: 00:08:53

Health: 0/41       AC: 14    Str: 15    XL:     5   Next: 69%
Magic:  5/5        EV:  5    Int:  9    God:    Xom [....*.]
Gold:   160        SH:  0    Dex: 15    Spells: 4/4 levels left

rFire    + . .     SeeInvis .   w - +0 falchion
rCold    . . .     Gourm    .   k - +0 plate armour
rNeg     . . .     Faith    .   (no shield)
rPois    .         Spirit   .   n - +0 helmet
rElec    .         Reflect  .   (no cloak)
rCorr    .         Harm     .   v - +0 pair of gloves
MR       .....                  (no boots)
Stlth    ..........             (no amulet)
Regen    0.2/turn               (no ring)
MPRegen  0.1/turn               p - ring of protection from fire

@: no status effects
A: talons 1, molten scales 1, powered by death 1
a: Renounce Religion


You were on level 3 of the Dungeon.
You worshipped Xom.
You were a beloved toy of Xom.
You were hungry.

You visited 1 branch of the dungeon, and saw 3 of its levels.

You collected 160 gold pieces.

Inventory:

Hand Weapons
 a - a +0 long sword
 g - a +2 dagger of chaos
 w - a +0 falchion (weapon)
Missiles
 d - 3 throwing nets (quivered)
Armour
 c - a +0 helmet
 k - a +0 plate armour (worn)
 n - a +0 helmet (worn)
 v - a +0 pair of gloves (worn)
Jewellery
 p - a ring of protection from fire (left hand)
 s - an uncursed ring of resist corrosion {unknown}
Scrolls
 b - 2 scrolls of enchant armour {unknown}
 h - 3 scrolls of identify {unknown}
 j - 2 scrolls of enchant weapon {unknown}
 l - 4 scrolls of remove curse {unknown}
 o - a scroll of fog {unknown}
 t - a scroll of blinking {unknown}
Potions
 e - a potion of berserk rage {unknown}
 m - a potion of degeneration {unknown}
 q - a potion of might {unknown}
 r - 2 potions of heal wounds {unknown}
 u - a potion of brilliance {unknown}
Comestibles
 f - 2 bread rations
 i - 2 royal jellies


   Skills:
 + Level 3.4 Fighting
 * Level 4.0 Long Blades
 - Level 1.8 Throwing
 + Level 3.7 Dodging
 + Level 1.9 Stealth


You had 4 spell levels left.
You didn't know any spells.

Dungeon Overview and Level Annotations

Branches:
Dungeon (3/15)

Altars:
Xom


Innate Abilities, Weirdness & Mutations

You have sharp toenails.
You are partially covered in molten scales. (AC +2)
You regenerate a little health from kills.


Message History

The orc closely misses your quasit.
You hit the hobgoblin.
You kill the hobgoblin!
Your quasit barely misses the orc.
Your quasit claws the orc.
Your quasit claws the orc but does no damage.
The orc hits you but does no damage. The orc barely misses your quasit.
You hit the orc priest but do no damage.
You claw the orc priest.
The orc priest is lightly wounded.
Your quasit barely misses the orc. x2
Your quasit claws the orc but does no damage.
The orc priest hits you but does no damage.
The orc hits you but does no damage. The orc closely misses your quasit.
Your quasit bites the orc but does no damage.
Your quasit barely misses the orc.
Your quasit claws the orc.
You closely miss the orc priest.
The orc priest is lightly wounded.
The orc priest invokes the aid of Beogh against you.
Pain shoots through your body!
You die...

#.......#......(...#
##......##....รท...##
##......###......#####
#.............(.......
#.........#.##########
#...)...............##
######.o...#...#####.##..#
#...o.#.oo...## #..)..>
#.......##@#### ####...
#.........5.# ###...
#........o### ##...##
#.........# #######..####
#.........######.......##
#.......>..........#####
#.........######.#.########
.... #..........#
#..........#


You could see an orc priest, 3 orcs and a friendly quasit.

Vanquished Creatures
  3 crimson imps (D:3)
  4 gnolls (D:2)
  3 adders (D:2)
  A worm (D:2)
  3 dart slugs (D:1)
  A leopard gecko (D:3)
  A giant cockroach (D:1)
  7 goblins
  7 hobgoblins
  5 jackals (D:1)
  7 kobolds
  A quokka (D:2)
  5 bats (D:1)
  5 frilled lizards
  7 rats
60 creatures vanquished.

Notes
Turn   | Place    | Note
-------+----------+-------------------------------------------
     0 | D:1      | BrendanD the Demonspawn Gladiator began the quest for the Orb.
     0 | D:1      | Reached XP level 1. HP: 16/16 MP: 1/1
   156 | D:1      | Gained mutation: You regenerate a little health from kills. [demonic ancestry]
   156 | D:1      | Reached XP level 2. HP: 8/22 MP: 2/2
   594 | D:1      | Gained mutation: You have sharp toenails. [demonic ancestry]
   594 | D:1      | Reached XP level 3. HP: 28/28 MP: 3/3
   761 | D:1      | Reached skill level 3 in Long Blades
  1012 | D:1      | Reached skill level 1 in Stealth
  1394 | D:2      | Reached XP level 4. HP: 34/34 MP: 4/4
  1996 | D:3      | Found a shimmering altar of Xom.
  2001 | D:3      | Became a worshipper of Xom of Chaos
  2057 | D:3      | Gained mutation: You are partially covered in molten scales. (AC +2) [demonic ancestry]
  2057 | D:3      | Reached XP level 5. HP: 36/41 MP: 5/5
  2059 | D:3      | XOM: enchant monster (good)
  2089 | D:3      | XOM: smoke on damage
  2098 | D:3      | XOM: summons friendly quasit
  2125 | D:3      | Reached skill level 4 in Long Blades
  2200 | D:3      | Killed from afar by an orc priest

Vault maps used:
D:1:      matt_arrival_refuge
D:3:      led_xom_imps

Skill      XL: |  1  2  3  4  5 |
---------------+----------------+-----
Dodging        | 3 |  3.7
Long Blades    | 3 4 |  4.0
Stealth        | 1 |  1.9
Fighting       | 3 |  3.4
Throwing       | |  1.8

Action                   |  1- 3 |  4- 6 || total
-------------------------+-------+-------++-------
Melee: Long sword        |   150 |   132 ||   282
       Kick              |    18 |    35 ||    53
       Dagger            |       |    11 ||    11
       Falchion          |       |     5 ||     5
 Stab: Distracted        |       |     2 ||     2
  Eat: Chunk             |     2 |     2 ||     4
Armor: Leather armour    |    11 |       ||    11
       Plate armour      |   118 |   114 ||   232
Dodge: Dodged            |    59 |    35 ||    94
       Rpst.: Long sword |    20 |     9 ||    29
       Falchion          |       |     1 ||     1
